 Dungeon Crawl Stone Soup version 0.25.1-8-g42b30a86e7 (webtiles) character file.

Game seed: 657776169777922853

469 hawla the Conjurer (level 6, -1/45 HPs)
             Began as a Draconian Conjurer on Dec 8, 2020.
             Killed by divine providence
             ... invoked by an orc priest
              (17 damage)
             ... on level 4 of the Dungeon.
             The game lasted 00:09:31 (4959 turns).

hawla the Conjurer (Draconian Conjurer)             Turns: 4959, Time: 00:09:32

Health: -1/45      AC: 10    Str: 10    XL:     6   Next: 82%
Magic:  3/12       EV: 12    Int: 17    God:
Gold:   155        SH:  0    Dex: 12    Spells: 7/14 levels left

rFire    . . .     SeeInvis .   (no weapon)
rCold    . . .     Gourm    .   (no shield)
rNeg     . . .     Faith    .   (armour unavailable)
rPois    .         Spirit   .   (helmet restricted)
rElec    .         Reflect  .   r - scarf {+Inv}
rCorr    .         Harm     .   c - +2 pair of gloves {archery}
MR       .....                  o - +0 pair of boots
Stlth    ++........             (no amulet)
HPRegen  0.15/turn              (no ring)
MPRegen  0.13/turn              (no ring)

@: no status effects
A: unfitting armour, cold-blooded, AC +6
a: Evoke Invisibility


You were on level 4 of the Dungeon.
You were not hungry.

You visited 1 branch of the dungeon, and saw 4 of its levels.

You collected 155 gold pieces.

Inventory:

Missiles
 f - 28 poisoned darts
 k - 10 boomerangs (quivered)
Armour
 c - a +2 pair of gloves of archery (worn)
 o - a +0 pair of boots (worn)
 r - a scarf of invisibility (worn)
Jewellery
 p - an uncursed ring of resist corrosion
Scrolls
 e - 4 scrolls of remove curse
 j - a scroll of random uselessness {unknown}
 s - a scroll of noise {unknown}
Potions
 d - a potion of lignification
 h - a potion of invisibility
 i - a potion of haste
 l - a potion of might
 m - a potion of cancellation
 n - 3 potions of curing {unknown}
Comestibles
 b - 8 rations
 g - 4 chunks of flesh


   Skills:
 - Level 1.7 Dodging
 - Level 1.7 Stealth
 + Level 4.5 Spellcasting
 - Level 5.0 Conjurations
 * Level 4.4 Translocations


You had 7 spell levels left.
You knew the following spells:

 Your Spells              Type           Power        Failure   Level  Hunger
a - Magic Dart            Conj           ###.         1%          1    None
b - Searing Ray           Conj           ###...       3%          2    ##.....
c - Iskenderun's Mystic   Conj/Tloc      ###.....     22%         4    ####...

Your spell library contained the following spells:

 Spells                   Type           Power        Failure   Level  Hunger
 Dazzling Flash           Conj/Hex       ##....       16%         3    ###....
 Fulminant Prism          Conj/Hex       ##........   47%         4    ####...


Dungeon Overview and Level Annotations

Branches:
Dungeon (4/15)
 Temple: D:4-7

Altars:
Dithmenos
Ru


Innate Abilities, Weirdness & Mutations

Your plain brown scales are hard. (AC +6)
You cannot fit into any form of body armour.
You are cold-blooded and may be slowed by cold attacks.


Message History

The orc wizard is heavily wounded. (Press . to maintain the ray.)
The orc hits you but does no damage.
The searing ray hits the orc.
You kill the orc!
The orc priest invokes the aid of Beogh against you.
Pain shoots through your body! The orc closely misses you.
The orc wizard casts a spell at you.
The magic dart hits you but does no damage.
The searing ray misses the orc wizard.
Your surroundings seem slightly different.
The orc wizard gestures at you while chanting.
The magic dart hits you. The orc completely misses you.
Found a ration.
As you read the scroll labeled GEGAGAETYA, it crumbles to dust.
It is a scroll of enchant weapon.
You aren't carrying any weapons that can be enchanted.
The orc priest invokes the aid of Beogh against you.
Beogh smites you!
You die...

###......
#........
#.......#.....#
##.......#.≈≈≈.#
.........#≈...≈#
#..$....#≈._.≈# #
#.......#≈...≈# .
#%....@o#.≈≈≈.#.#
#.....oo#.....#.#
.......o.)#...#.#
##.....%..o#.#.#
#..........#.#
#..........^.#
#..........#.#
#..........#.#
#######.##.#


You could see an orc priest, 2 orc wizards and 2 orcs.

Vanquished Creatures
  A phantom (D:4)
  A big kobold (D:3)
  A scorpion (D:4)
  A howler monkey (D:4)
  A jelly (D:4)
  Terence (D:3)
  2 worker ants (D:4)
  A hound skeleton (D:4)
  A gnoll (D:1)
  An adder (D:2)
  2 worms
  2 dart slugs
  3 leopard geckos
  7 orcs
  3 giant cockroaches
  7 goblins
  10 hobgoblins
  3 quokkas
  A ball python (D:2)
  A ball python skeleton (D:4)
  3 bats
  3 frilled lizards
  14 kobolds
  5 rats
75 creatures vanquished.

Notes
Turn   | Place    | Note
-------+----------+-------------------------------------------
     0 | D:1      | hawla the Draconian Conjurer began the quest for the Orb.
     0 | D:1      | Reached XP level 1. HP: 14/14 MP: 3/3
   112 | D:1      | You fall into a shaft and drop 1 floor!
   342 | D:2      | Reached XP level 2. HP: 19/20 MP: 0/5
   564 | D:2      | Learned a level 2 spell: Searing Ray
  1270 | D:2      | Reached XP level 3. HP: 17/26 MP: 0/7
  2939 | D:2      | Found a shadowy altar of Dithmenos.
  3364 | D:3      | Reached XP level 4. HP: 33/33 MP: 5/8
  3486 | D:3      | Noticed Terence
  3496 | D:3      | Killed Terence
  3496 | D:3      | Reached skill level 5 in Conjurations
  3507 | D:3      | Learned a level 4 spell: Iskenderun's Mystic Blast
  4127 | D:3      | Reached skill level 1 in Translocations
  4359 | D:3      | Noticed a big kobold
  4366 | D:3      | Killed a big kobold
  4366 | D:3      | Reached XP level 5. HP: 38/38 MP: 2/10
  4601 | D:4      | Reached XP level 6. HP: 45/45 MP: 6/12
  4941 | D:4      | Found a sacrificial altar of Ru.
  4959 | D:4      | Killed from afar by an orc priest

Illustrated notes

Levels and vault maps discovered:
D:1:      psy_arrival_radial02, layout_loops_corners, minmay_tetromino_i2
D:2:      minmay_door_path, layout_loops_corners, lemuel_coloured_pillars_altar,
          first_ration
D:3:      cheibrodos_thug_alley, layout_loops_corners, uniq_terence
D:4:      layout_basic, nicolae_ru_awakened_eye, temple_green

Skill      XL: |  1  2  3  4  5  6 |
---------------+-------------------+-----
Spellcasting   | 3 4 |  4.5
Conjurations   | 5 |  5.0
Translocations | 2 3 4 |  4.4
Dodging        | |  1.7
Stealth        | |  1.7

Action                   |  1- 3 |  4- 6 || total
-------------------------+-------+-------++-------
Melee: Unarmed           |    25 |    16 ||    41
       Tailslap          |     2 |     2 ||     4
Throw: Boomerang         |       |    10 ||    10
 Cast: Magic Dart        |    37 |    46 ||    83
       Searing Ray       |    21 |    20 ||    41
  Use: Scroll            |     5 |     7 ||    12
  Eat: Chunk             |     9 |     5 ||    14
Armor: Skin              |    15 |    11 ||    26
Dodge: Dodged            |    39 |    17 ||    56
